Map: Thunderbird LE

Players

Woah - Winner!

  • Race: Terran Terran
  • League: Diamond
  • Spawn Location: 5:00

Judge

  • Race: Protoss Protoss
  • League: Diamond
  • Spawn Location: 11:00

VOD

Have the link to the VOD?

Description

Time

  • Played on: June 14, 2019, 7:07 p.m.
  • Length: 14:17
Show
View Real Time Build Order
Export as new Build Order

Woah Terran - Winner!

Build Orders: Reaper Expand 

Get SALT Encoding   

  12  0:00  SCV  
  13  0:13  SCV  
  14  0:19  Supply Depot  
  14  0:25  SCV  
  15  0:41  SCV  
  16  0:44  Barracks  
  16  0:48  Refinery  
  16  0:56  SCV  
  17  1:12  SCV  
  18  1:24  SCV  
  19  1:32  Reaper  
  20  1:36  Orbital Command  
  20  1:43  Command Center  
  20  1:54  Supply Depot  
  20  2:02  SCV  
  20  2:04  Barracks Reactor  
  21  2:14  SCV  
  21  2:15  Refinery  
  22  2:20  Bunker  
  22  2:26  Factory  
  22  2:27  SCV  
  23  2:39  SCV  
  24  2:44  Marine x2  
  24  2:51  SCV  
  27  2:57  Orbital Command  
  27  3:03  SCV  
  27  3:05  Marine x2  
  29  3:11  Widow Mine  
  29  3:12  Starport  
  32  3:19  SCV, Supply Depot  
  33  3:22  SCV  
  33  3:26  Marine  
  35  3:27  Marine  
  36  3:34  Widow Mine  
  36  3:37  SCV  
  39  3:44  SCV  
  40  3:49  SCV  
  40  3:50  Barracks  
  40  3:51  Medivac  
  43  3:55  Factory Tech Lab  
  43  4:01  SCV  
  43  4:02  Marine x2  
  45  4:08  Supply Depot  
  46  4:10  SCV  
  46  4:14  Siege Tank  
  46  4:15  SCV  
  51  4:19  Supply Depot  
  51  4:23  SCV, Marine x2  
  54  4:30  SCV  
  55  4:40  SCV  
  55  4:42  Starport Reactor  
  55  4:44  Engineering Bay  
  56  4:53  SCV, Barracks Tech Lab  
  56  4:54  Raven  
  56  4:57  Factory Reactor  
  56  4:58  SCV, Refinery  
  60  5:05  SCV  
  60  5:06  Marine x2  
  63  5:13  SCV  
  64  5:16  Refinery  
  64  5:17  Terran Infantry Weapons Level 1  
  58  5:47  Stimpack  
  58  5:48  Barracks  
  58  5:51  Marine x2  
  58  5:52  Starport Reactor, Widow Mine x2  
  64  5:58  SCV x2, Supply Depot x2  
  64  5:59  Command Center  
  64  6:01  Supply Depot  
  64  6:02  Supply Depot  
  66  6:11  Ghost Academy  
  66  6:18  Barracks  
  66  6:19  Barracks  
  66  6:24  SCV  
  66  6:25  SCV  
  68  6:32  Medivac  
  70  6:33  Armory, Engineering Bay  
  70  6:36  SCV, Medivac  
  73  6:41  Ghost  
  73  6:42  Marine  
  73  6:43  Marine  
  77  6:57  SCV  
  77  6:58  Combat Shield  
  77  7:00  SCV  
  79  7:03  Marauder, Marine  
  80  7:09  SCV  
  80  7:10  Marauder  
  69  7:46  Orbital Command  
  69  7:48  Marine x2  
  69  7:49  Marauder  
  69  7:50  Ghost  
  76  7:51  Bunker, Barracks Tech Lab  
  76  7:53  Barracks Reactor  
  76  7:54  Widow Mine  
  76  7:55  Medivac x2, Widow Mine  
  76  7:56  SCV x2  
  85  8:06  Marine x2  
  85  8:08  SCV x2  
  85  8:10  Marine  
  90  8:17  Orbital Command  
  90  8:20  SCV x2  
  92  8:47  Marauder x2  
  92  8:48  Marauder, Marine x4  
  99  8:54  SCV x2  
  104  9:06  SCV x2, Marine  
  78  9:32  Liberator x2  
  74  9:43  Marauder x3, Marine x4  
  74  9:45  SCV x2, Widow Mine x2  
  90  9:47  SCV  
  97  9:54  Fusion Core, Terran Infantry Armor Level 1  
  97  9:55  Starport  
  97  9:56  Terran Infantry Weapons Level 2  
  97  9:57  SCV x2  
  97  9:59  SCV, Supply Depot  
  100  10:00  Marine, Supply Depot  
  100  10:01  Marine x2  
  100  10:04  Marauder x2  
  107  10:08  Personal Cloaking, Supply Depot  
  107  10:13  Refinery  
  107  10:14  Refinery  
  107  10:17  Supply Depot  
  107  10:18  Supply Depot  
  107  10:19  Liberator  
  107  10:20  Command Center  
  107  10:22  Liberator  
  107  10:24  SCV x2  
  107  10:25  Ghost  
  107  10:26  Ghost, Marine  
  107  10:27  Marauder  
  107  10:28  Marine x3  
  117  10:33  Barracks  
  117  10:34  Barracks  
  119  10:36  Supply Depot  
  125  10:47  Supply Depot  
  125  10:53  Marauder, Marine x3  
  125  10:54  Marine  
  125  10:55  Marauder  
  125  10:56  Starport, Starport Tech Lab  
  133  10:59  Marauder, Supply Depot  
  133  11:11  Marine x2  
  131  11:15  Marauder  
  125  11:21  Supply Depot  
  125  11:24  Marauder x2, Marine x2  
  126  11:29  Marine x2  
  126  11:31  Advanced Ballistics  
  128  11:36  Marauder  
  130  11:42  Marine x2  
  130  11:45  Ghost x2  
  130  11:47  Marine  
  137  11:57  Marauder  
  135  12:14  Marauder x2  
  120  12:17  Marine x3  
  120  12:18  Marine  
  120  12:19  Marauder  
  121  12:35  Marauder, Marine x3  
  121  12:36  Marauder, Marine  
  127  12:40  Marauder  
  126  12:56  Ghost  
  126  12:57  Marauder  
  125  13:01  Ghost  
  118  13:15  Marine x3  
  118  13:16  Marine  
  118  13:17  Ghost  
  124  13:20  Orbital Command  
  124  13:22  Barracks  
  124  13:25  Marauder  
  126  13:30  Marauder  
  126  13:33  Marine x4  
  129  13:47  Marauder x2  
  133  13:51  Marauder, Marine x4  
Show
View Real Time Build Order
Export as new Build Order

Judge Protoss 

Build Orders: Zealot Archon 

Get SALT Encoding   

  12  0:00  Probe  
  13  0:13  Probe  
  14  0:17  Pylon  
  14  0:25  Probe  
  15  0:33  Probe  
  15  0:36  Gateway  
  15  0:42  Probe  
  16  0:44  Assimilator  
  17  0:53  Probe  
  18  1:03  Probe  
  18  1:09  Assimilator  
  19  1:12  Probe  
  20  1:22  Probe  
  20  1:24  Cybernetics Core  
  20  1:25  Gateway  
  21  1:35  Probe  
  22  1:42  Pylon  
  22  1:50  Warp Gate, Probe  
  23  2:11  Nexus  
  23  2:26  Pylon  
  23  2:31  Stalker  
  23  2:33  Stalker  
  27  2:47  Gateway  
  27  3:02  Gateway  
  27  3:11  Forge  
  27  3:15  Twilight Council  
  27  3:20  Probe  
  27  3:23  Probe  
  29  3:32  Probe  
  30  3:35  Probe  
  30  3:39  Sentry, Protoss Ground Weapons Level 1  
  30  3:40  Sentry  
  35  3:42  Charge  
  35  3:44  Probe  
  35  3:47  Probe  
  38  4:02  Probe  
  38  4:03  Probe  
  39  4:15  Probe x2  
  41  4:27  Probe x2, Pylon  
  43  4:31  Stalker x3  
  43  4:32  Stalker  
  51  4:41  Probe x2  
  51  4:42  Pylon  
  53  4:53  Probe  
  53  4:54  Probe  
  53  4:56  Templar Archives  
  53  4:58  Pylon  
  55  5:02  Photon Cannon  
  55  5:10  Photon Cannon  
  55  5:13  Assimilator  
  55  5:14  Probe x2  
  57  5:15  Assimilator  
  57  5:24  Zealot x3  
  57  5:26  Zealot  
  58  5:44  Probe x2  
  58  5:48  High Templar x2  
  64  5:56  Probe x2  
  66  5:59  Zealot x2  
  70  6:06  Archon  
  70  6:07  Protoss Ground Weapons Level 2  
  70  6:08  Probe x2  
  72  6:20  Probe  
  72  6:23  Pylon  
  73  6:30  Gateway  
  73  6:32  Gateway  
  73  6:34  Gateway  
  73  7:00  Nexus  
  41  7:38  Zealot x2  
  41  7:39  Zealot x5  
  55  7:45  Assimilator  
  55  7:53  Forge  
  55  8:06  Sentry x2  
  55  8:07  High Templar x4  
  55  8:08  High Templar, Gateway x2  
  55  8:11  Gateway, Archon  
  55  8:12  Archon  
  69  8:14  Gateway  
  69  8:18  Gateway  
  69  8:19  Gateway  
  69  8:22  Probe x3  
  72  8:32  Pylon  
  72  8:33  Pylon  
  72  8:34  Probe x2  
  72  8:35  Probe  
  72  8:40  Pylon  
  75  8:43  Stalker  
  75  8:44  Stalker  
  75  8:46  Probe  
  75  8:47  Probe x2  
  82  8:51  High Templar x3  
  82  8:52  High Templar  
  82  8:53  High Templar  
  82  8:55  Archon x2  
  92  8:57  Archon  
  92  8:58  Probe  
  92  8:59  Probe  
  94  9:04  Protoss Ground Weapons Level 3  
  75  9:24  Stalker  
  75  9:25  Stalker x3  
  76  9:43  Pylon  
  76  9:44  Pylon  
  76  9:49  Probe  
  76  9:50  Probe x2  
  79  9:57  Protoss Shields Level 1  
  79  10:02  Assimilator, Probe x3  
  82  10:10  Stalker x2  
  82  10:11  Stalker, High Templar  
  82  10:12  High Templar  
  82  10:13  Zealot  
  82  10:14  Probe x2  
  96  10:16  Archon  
  96  10:30  Probe x3  
  96  10:33  Photon Cannon  
  96  10:34  Photon Cannon  
  99  10:41  Robotics Facility  
  95  11:14  Resonating Glaives  
  55  11:28  Zealot x2  
  55  11:29  Zealot x5  
  55  11:30  Zealot x5  
  55  11:31  Zealot  
  81  11:50  High Templar x2  
  81  11:51  High Templar x5  
  95  11:54  Archon  
  95  11:55  Archon x2  
  95  12:00  Zealot x3  
  95  12:01  Zealot x3  
  69  12:22  Zealot x3  
  57  12:23  Zealot x4  
  57  12:24  Zealot x5  
  57  12:25  Zealot  
  71  12:45  Stalker x6  
  71  12:46  Stalker  
  71  13:02  Zealot x5  
  55  13:15  Stalker x4  
  55  13:16  Stalker  
  65  13:20  High Templar  
  67  13:29  High Templar x5  
  69  13:41  Archon x2  
  65  13:45  Zealot  
  65  13:46  Zealot x4  
Tags
 
Composition
Zealot Archon
Matchup
PvT
Replay Pack
r1
Spawn Locations
Cross Positions
Add a new tag
Caveats
  • Supply blocks, unpowered buildings, or Contaminate may cause inaccurate times.
  • Supply counts are checked every 10 seconds.